 Dungeon Crawl Stone Soup version 0.29.1-13-g9f3cf754e1 (webtiles) character file.

Game seed: 4878857033929018016

311 shadowmeld the Magician (level 6, -2/43 HPs)
             Began as a Djinni Ice Elementalist on Feb 5, 2023.
             Hit by a stone thrown by a gnoll sergeant (7 damage)
             ... on level 4 of the Dungeon.
             The game lasted 00:16:18 (4500 turns).

shadowmeld the Magician (Djinni Ice Elementalist)   Turns: 4500, Time: 00:16:19

Health: -2/43      AC:  2    Str:  7    XL:     6   Next: 70%
Gold:   123        EV: 12    Int: 18    God:
                   SH:  3    Dex: 14

rFire   + + .      SeeInvis .   (no weapon)
rCold   x . .      Faith    .   n - +0 buckler
rNeg    . . .      Spirit   .   a - +0 robe
rPois   ∞          Reflect  .   (no helmet)
rElec   .          Harm     .   (no cloak)
rCorr   .          Rampage  .   (no gloves)
Will    .....                   (boots unavailable)
Stlth   ++........              (no amulet)
HPRegen 0.14/turn               (no ring)
MPRegen 0.00/turn               (no ring)

@: flying
A: sickness immunity, fire resistance 2, cold vulnerability 1, float, innate
caster, HP casting, extra vitality 1
a: no special abilities


You were on level 4 of the Dungeon.
You visited 1 branch of the dungeon, and saw 4 of its levels.

You collected 123 gold pieces.

Inventory:

Missiles
 j - 12 poisoned darts
Armour
 a - a +0 robe (worn)
 n - a +0 buckler (worn)
Scrolls
 c - a scroll of brand weapon {unknown}
 d - 2 scrolls of blinking {unknown}
 e - a scroll of fear {unknown}
 h - a scroll of noise {unknown}
 i - 3 scrolls of identify {unknown}
 k - 3 scrolls of teleportation {unknown}
 o - a scroll of poison {unknown}
Potions
 b - a potion of heal wounds {unknown}
 f - 4 potions of curing {unknown}
 g - 2 potions of berserk rage {unknown}
 l - a potion of magic {unknown}
 m - a potion of brilliance {unknown}
 p - a potion of mutation {unknown}


   Skills:
 * Level 2.1 Fighting
 * Level 2.8 Dodging
 - Level 1.5 Stealth
 * Level 5.4 Spellcasting


You had one spell level left.
You knew the following spells:

 Your Spells              Type           Power      Damage    Failure   Level
a - Freeze                Ice            96%        1d11      1%          1
b - Frozen Ramparts       Ice            48%        1d8       5%          3
c - Ozocubu's Armour      Ice            24%        N/A       5%          3
d - Hailstorm             Conj/Ice       24%        3d7       19%         4
e - Summon Small Mammal   Summ           96%        N/A       1%          1
f - Blink                 Tloc           48%        N/A       2%          2
Your spell library was empty.

Dungeon Overview and Level Annotations

Branches:
Dungeon (4/15)
 Temple: D:4-7

Altars:
Nemelex Xobeh
Xom
Zin

Shops:
D:4 *

Annotations:
D:3 2 transporters, ThatDude373's ghost, amateur MfIE


Innate Abilities, Weirdness & Mutations

You are immune to sickness and miasma.
You are immune to poison.
Your flesh is very heat resistant. (rF++)
You are vulnerable to cold. (rC-)
You float through the air rather than walking.
You learn spells naturally, not from books.
Your magical power is your life essence.
You have superior vitality. (+4 MHP)


Message History

Your quokka barely misses the gnoll sergeant.
The gnoll sergeant throws a stone.
The stone barely misses you.
Your quokka disappears in a puff of smoke!
The gnoll sergeant hits you with a +1 vampiric trident!
The gnoll barely misses your quokka.
Your quokka completely misses the gnoll sergeant.
Aiming: Freeze (safe; 1% risk of failure)
Press: ? - help, Q - select action, (/) - cycle Shift-Dir - straight line, f - gnoll sergeant
Aim: a gnoll sergeant, wielding a +1 vampiric trident, wearing a +0 ring mail and quivering stones (ally target)
You freeze the gnoll sergeant.
The gnoll sergeant is lightly wounded.
Your quokka bites the gnoll sergeant.
A gnoll comes into view. It is wielding a +0 club.
The gnoll barely misses your quokka. The gnoll sergeant closely misses you.
Aiming: Freeze (safe; 1% risk of failure)
Press: ? - help, Q - select action, (/) - cycle Shift-Dir - straight line, f/p - gnoll sergeant
Aim: a gnoll sergeant, wielding a +1 vampiric trident, wearing a +0 ring mail and quivering stones (lightly wounded, ally target)
You freeze the gnoll sergeant!
The gnoll sergeant is heavily wounded.
Your quokka barely misses the gnoll sergeant.
The gnoll hits your quokka with a +0 flail!
Your quokka dies!
Your quokka's corpse disappears in a puff of smoke!
The gnoll sergeant hits you with a +1 vampiric trident!
* * * LOW HITPOINT WARNING * * *
Casting: Freeze (safe; 1% risk of failure)
Confirm with . or Enter, or press ? or * to list all spells.
You blink.
* * * LOW HITPOINT WARNING * * *
A gnoll comes into view. It is wielding a +0 spear.
A gnoll comes into view. It is wielding a +0 flail.
The gnoll sergeant throws a stone.
The stone closely misses you.
You feel stable enough to blink again.
A gnoll is nearby!
Found a puce potion.
A gnoll is nearby!
You see here a puce potion.
The gnoll sergeant throws a stone.
The stone completely misses you.
The gnoll sergeant throws a stone.
The stone hits you!
You die...

### ..# #.# #.#
#.# #.# ##########
#@# .......... #.#
#.g....<# #.#
#.g.....# #.#
####.......# #.#
....>......# #.#
####.).g...# #g#
...........# #g#
...#.......#####g#


You could see a gnoll sergeant and a gnoll.

Vanquished Creatures
  2 orc priests (D:3)
  An orc wizard (D:3)
  Natasha (thrice) (D:3)
  A gnoll (D:4)
  5 adders (D:3)
  A worm (D:2)
  3 dart slugs
  9 orcs
  5 endoplasms
  4 giant cockroaches
  4 goblins
  5 hobgoblins
  10 jackals
  5 quokkas
  3 ball pythons
  6 bats
  2 frilled lizards
  8 kobolds
  8 rats
85 creatures vanquished.

Notes
Turn   | Place    | Note
-------+----------+-------------------------------------------
     0 | D:1      | shadowmeld the Djinni Ice Elementalist began the quest for
                  | the Orb.
     0 | D:1      | shadowmeld set off with the following spells memorised:
                  | Freeze, Frozen Ramparts, Ozocubu's Armour, Hailstorm.
     0 | D:1      | Reached XP level 1. HP: 15/15 MP: 0/0
   313 | D:1      | Reached XP level 2. HP: 14/21 MP: 0/0
  1099 | D:1      | Reached XP level 3. HP: 23/26 MP: 0/0
  1099 | D:1      | Learned a level 1 spell: Summon Small Mammal
  1345 | D:1      | Found a faded altar of an unknown god.
  1933 | D:2      | Reached skill level 4 in Spellcasting
  2183 | D:2      | Found a shimmering altar of Xom.
  2336 | D:2      | Reached XP level 4. HP: 28/31 MP: 0/0
  2839 | D:3      | Reached skill level 1 in Fighting
  2932 | D:3      | Found a sparkling altar of Nemelex Xobeh.
  3178 | D:3      | Reached XP level 5. HP: 20/37 MP: 0/0
  3178 | D:3      | Learned a level 2 spell: Blink
  3456 | D:3      | Noticed Natasha
  3468 | D:3      | Killed Natasha
  3469 | D:3      | Reached XP level 6. HP: 20/43 MP: 0/0
  3665 | D:3      | Reached skill level 5 in Spellcasting
  3730 | D:3      | Noticed Natasha
  3736 | D:3      | Killed Natasha
  3966 | D:3      | Noticed Natasha
  3969 | D:3      | Killed Natasha
  3999 | D:3      | Found a transporter.
  4000 | D:3      | Noticed ThatDude373's ghost (amateur MfIE)
  4001 | D:3      | Noticed an ogre
  4001 | D:3      | Noticed an ogre
  4004 | D:3      | Identified the +12 great mace "Mymoz" {holy, Drain rElec
                  | rPois Dex+2}
  4004 | D:3      | Noticed an ogre
  4014 | D:3      | Found a transporter.
  4411 | D:4      | Found Zin's Purification Station.
  4415 | D:4      | Found a glowing silver altar of Zin.
  4500 | D:4      | Hit by a stone thrown by a gnoll sergeant

Illustrated notes

Levels and vault maps discovered:
D:1:      dpeg_arrival_orchard, layout_loops_corners,
          shapermc_ecumenical_altar_mp_highgroup, minmay_pentomino_u2
D:2:      layout_basic, basic_altar, nrook_mini_vaults
D:3:      layout_basic, marbit_many_paths, gammafunk_ghost_smash, moated_statue,
          minmay_bisected, uniq_natasha
D:4:      layout_loops_ring, yredelemnul_altar_generic,
          mainiacjoe_overflow_brackets, zin_purify, guppyfry_early_orc_mine

Skill      XL: |  1  2  3  4  5  6 |
---------------+-------------------+-----
Spellcasting   | 4 5 |  5.4
Fighting       | 1 2 |  2.1
Dodging        | |  2.8
Stealth        | |  1.5

Action                   |  1- 3 |  4- 6 || total
-------------------------+-------+-------++-------
 Cast: Freeze            |    66 |    68 ||   134
       Frozen Ramparts   |       |     3 ||     3
       Summon Small Mamm |       |     4 ||     4
       Blink             |       |     1 ||     1
Armor: Robe              |     4 |     2 ||     6
Dodge: Dodged            |    24 |    32 ||    56
Block: Buckler           |       |     7 ||     7
